 Dungeon Crawl Stone Soup version 0.31-a0-188-g5e087ee2ca (webtiles) character file.

Game seed: 10712468340279319261

86 qw the Shooter (level 4, 0/25 HPs)
             Began as a Deep Elf Hunter on June 23, 2023.
             Slain by a black bear (2 damage)
             ... on level 3 of the Dungeon.
             The game lasted 00:00:38 (1617 turns).

qw the Shooter (Deep Elf Hunter)                    Turns: 1617, Time: 00:00:39

Health: 0/25       AC:  6    Str:  9 (10) XL:     4   Next: 27%
Magic:  6/6        EV: 10    Int: 12 (14) God:
Gold:   57         SH:  0    Dex: 17 (18) Spells: 3/3 levels left

rFire   . . .        Y - +0 shortbow
rCold   . . .        (shield currently unavailable)
rNeg    + . .        f - +0 ring mail
rPois   .            (no helmet)
rElec   .            (no cloak)
rCorr   .            h - +0 pair of gloves
SInv    .            (no boots)
Will    .....        i - amulet of the acrobat
Stlth   +            d - ring of positive energy
HPRegen 0.24/turn    (no ring)
MPRegen 0.10/turn

%: acrobat
@: no status effects
A: no striking features
a: no special abilities


You were on level 3 of the Dungeon.
You visited 1 branch of the dungeon, and saw 3 of its levels.

You collected 57 gold pieces.


   Skills:
 - Level 1.5 Fighting
 + Level 7.7 Ranged Weapons
 - Level 2.4 Dodging
 - Level 1.2 Stealth


You had 3 spell levels left.
You didn't know any spells.
Your spell library was empty.

Inventory:

Hand Weapons
 Y - a +0 shortbow (weapon)
Armour
 f - a +0 ring mail (worn)
 h - a +0 pair of gloves (worn)
Jewellery
 c - an amulet of regeneration
 d - a ring of positive energy (left hand)
 i - an amulet of the acrobat (around neck)
Potions
 a - a potion of might {unknown}
 b - a potion of haste {unknown}
 e - 2 potions of heal wounds {unknown}
 g - a potion of attraction {unknown}
 k - a potion of curing

Dungeon Overview and Level Annotations

Branches:
Dungeon (3/15)

Altars:

Shops:
D:1 (=


Message History

The arrow hits the black bear but does no damage.
The black bear closely misses you. The black bear barely misses you.
The black bear claws you but does no damage.
You shoot an arrow. The arrow hits the black bear.
The black bear is lightly wounded.
The black bear bites you. The black bear claws you.
The black bear closely misses you.
You shoot an arrow. The arrow hits the black bear.
The black bear is moderately wounded.
The black bear closely misses you.
The black bear claws you but does no damage.
The black bear barely misses you.
You shoot an arrow.
The arrow closely misses the black bear.
The black bear bites you.
The black bear claws you but does no damage.
The black bear barely misses you.
You shoot an arrow. The arrow hits the black bear.
The black bear is moderately wounded.
The black bear bites you but does no damage.
The black bear barely misses you. The black bear claws you.
You shoot an arrow.
The arrow closely misses the black bear.
The black bear bites you. The black bear barely misses you.
The black bear claws you. The black bear closely misses you.
The black bear claws you.
The black bear claws you but does no damage.
You shoot an arrow. The arrow hits the black bear.
The black bear is heavily wounded.
The black bear bites you.
The black bear claws you but does no damage.
The black bear claws you.
You shoot an arrow. The arrow hits the black bear.
The black bear is heavily wounded.
The black bear misses you. The black bear completely misses you.
The black bear closely misses you.
You shoot an arrow.
The arrow closely misses the black bear.
The worm bites you. The black bear bites you.
You die...

##.####.#................#.
#%.# #......#.............
##.###..#..##..#...####.##
#..#.......#.##.#.#....#
##..................####
###.##########...###
#.....# #....##
#####.#....... #@#.##.#.#
#.....hw..##....
#........>##.#.#
#.........##....
#.........# ..........#
#........(# #..........


You could see a black bear and a worm.

Vanquished Creatures
  3 adders (D:2)
  A worm (D:2)
  3 dart slugs
  3 orcs (D:3)
  5 endoplasms
  2 giant cockroaches
  6 goblins
  5 hobgoblins
  A quokka (D:2)
  6 ball pythons
  A bat (D:1)
  7 kobolds
  4 rats
47 creatures vanquished.

Notes
Turn   | Place    | Note
-------+----------+-------------------------------------------
     0 | D:1      | qw the Deep Elf Hunter began the quest for the Orb.
     0 | D:1      | Reached XP level 1. HP: 12/12 MP: 3/3
     0 | D:1      | 0 ||| qw: Version: 0.3-a-9-g12657ce
     0 | D:1      | 0 ||| qw: Game counter: 3390
     0 | D:1      | 0 ||| qw: Always use a shield: true
     0 | D:1      | 0 ||| qw: God list: Okawaru
     0 | D:1      | 0 ||| qw: Allow faded altars: false
     0 | D:1      | 0 ||| qw: Do Orc after D:15 true
     0 | D:1      | 0 ||| qw: Do second Lair branch before Depths: true
     0 | D:1      | 0 ||| qw: Lair rune preference: random
     0 | D:1      | 0 ||| qw: Plans: Normal
     0 | D:1      | 0 ||| PLANNING D:1-11
    46 | D:1      | 46 ||| DRINKING 2 pink potions.
    86 | D:1      | Found Touhonij's Antique Weapon Boutique.
    90 | D:1      | Reached XP level 2. HP: 16/16 MP: 4/4
   152 | D:1      | Found Jazipom's Jewellery Shoppe.
   157 | D:1      | 157 ||| SHOPLISTING +4 ring of protection (360 gold, have
                  | 10).
   157 | D:1      | 157 ||| SHOPLISTING +6 ring of strength (360 gold, have
                  | 10).
   157 | D:1      | 157 ||| SHOPLISTING amulet of reflection (300 gold, have
                  | 10).
   157 | D:1      | 157 ||| SHOPLISTING ring "Qorr" {rPois rF+ rC+} (410 gold,
                  | have 10).
   157 | D:1      | 157 ||| SHOPLISTING ring of protection from cold (250 gold,
                  | have 10).
   171 | D:1      | Reached skill level 6 in Ranged Weapons
   213 | D:1      | Found Bigoxask's Armour Emporium.
   575 | D:1      | 575 ||| UPGRADING to +0 ring mail.
   585 | D:1      | 585 ||| DROPPING +0 leather armour.
   586 | D:1      | 586 ||| UPGRADING to +0 pair of gloves.
   591 | D:1      | 591 ||| UPGRADING to amulet of the acrobat.
   596 | D:1      | 596 ||| READING scroll labelled TEWUARCH KETO.
   597 | D:1      | 597 ||| DRINKING 2 red potions.
   598 | D:1      | 598 ||| DROPPING scroll of butterflies.
   599 | D:1      | 599 ||| DROPPING potion of degeneration.
   655 | D:2      | Reached XP level 3. HP: 20/20 MP: 5/5
   817 | D:2      | Reached skill level 7 in Ranged Weapons
   940 | D:2      | Reached XP level 4. HP: 25/25 MP: 6/6
  1286 | D:2      | 1286 ||| UPGRADING to ring of positive energy.
  1287 | D:2      | 1287 ||| READING scroll labelled XINUBRINYONT.
  1288 | D:2      | 1288 ||| READING scroll labelled SEWUYNW GUFOXE.
  1313 | D:3      | 1313 ||| Stepping ~*~*~tactically~*~*~ (outnumbered).
  1317 | D:3      | 1317 ||| FLEEEEING.
  1405 | D:3      | Found a faded altar of an unknown god.
  1604 | D:3      | Noticed a black bear
  1615 | D:3      | HP: 5/25 [black bear (5)]
  1617 | D:3      | HP: 2/25 [worm (3)]
  1617 | D:3      | Slain by a black bear

Levels and vault maps discovered:
D:1:      dpeg_arrival_orchard, layout_basic, serial_shops,
          nicolae_shop_just_a_little_nook, shop, shop,
          dreamdust_mushroom_princess, kennysheep_doodads
D:2:      layout_basic, amcnicky_mini_pool_small
D:3:      layout_basic, tgw_sif, hellmonk_ecumenical_altar_blasted,
          serial_glass, glass_columns_b, glass_columns_b, glass_columns_a,
          glass_columns_b

Skill      XL: |  1  2  3 |
---------------+----------+-----
Ranged Weapons | 6 7 |  7.7
Fighting       | |  1.5
Dodging        | |  2.4
Stealth        | |  1.2

Action                     |  1- 3 |  4- 6 || total
---------------------------+-------+-------++-------
   Fire: Shortbow          |    85 |    45 ||   130
    Use: Potion            |     2 |       ||     2
         Scroll            |     1 |     2 ||     3
 Armour: Ring mail         |     7 |     8 ||    15
  Dodge: Dodged            |    17 |    17 ||    34

Table legend:
 A = Non-vault XP
 B = Vault XP
 C = Vault XP percentage of total XP
 D = Non-vault monster count
 E = Vault monster count
 F = Vault count percentage of total count
                 A         B        C        D         E       F
            +---------+---------+-------+---------+---------+-------
      Total |     124 |       0 |   0.0 |      47 |       0 |   0.0
            +---------+---------+-------+---------+---------+-------
        D:1 |      40 |       0 |   0.0 |      23 |       0 |   0.0
        D:2 |      63 |       0 |   0.0 |      14 |       0 |   0.0
        D:3 |      21 |       0 |   0.0 |      10 |       0 |   0.0
            +---------+---------+-------+---------+---------+-------
